 Dungeon Crawl Stone Soup version 0.32-a0-450-g080537f31e (webtiles) character file.

Game seed: 17955371463494655837

220 pokeman the Magician (level 5, 0/29 HPs)
             Began as a Deep Elf Hedge Wizard on Feb 23, 2024.
             Slain by an orc wizard
             ... wielding a +0 dagger
              (2 damage)
             ... on level 3 of the Dungeon.
             The game lasted 00:06:34 (3119 turns).

pokeman the Magician (Deep Elf Hedge Wizard)        Turns: 3119, Time: 00:06:34

Health: 0/29       AC:  4    Str:  7    XL:     5   Next: 64%
Magic:  7/15       EV: 13    Int: 21    God:
Gold:   123        SH:  0    Dex: 14    Spells: 8/16 levels left

rFire   . . .        a - +0 dagger
rCold   . . .        (no shield)
rNeg    . . .        b - +0 robe
rPois   .            q - +0 helmet
rElec   .            (no cloak)
rCorr   .            p - +0 pair of gloves
SInv    .            (no boots)
Will    .....        (no amulet)
Stlth   ++           (no ring)
HPRegen 0.24/turn    (no ring)
MPRegen 0.14/turn

%: no passive effects
@: no status effects
A: no striking features
a: no special abilities


You were on level 3 of the Dungeon.
You visited 1 branch of the dungeon, and saw 3 of its levels.

You collected 123 gold pieces.

Inventory:

Hand Weapons
 a - a +0 dagger (weapon)
Armour
 b - a +0 robe (worn)
 p - a +0 pair of gloves (worn)
 q - a +0 helmet (worn)
Magical Staves
 o - a staff of air
Scrolls
 e - a scroll of silence {unknown}
 f - a scroll of immolation {unknown}
 g - 6 scrolls of identify {unknown}
 j - 2 scrolls of enchant weapon {unknown}
 l - a scroll of noise {unknown}
 n - a scroll of poison {unknown}
Potions
 c - a potion of mutation {unknown}
 d - 2 potions of magic
 h - a potion of lignification {unknown}
 i - 2 potions of curing {unknown}
 k - a potion of enlightenment {unknown}
 m - a potion of attraction {unknown}


   Skills:
 - Level 1.0 Fighting
 - Level 1.0 Armour
 - Level 3.0 Dodging
 - Level 3.3 Stealth
 * Level 6.4 Spellcasting
 + Level 2.8 Conjurations
 - Level 1.1 Summonings
 - Level 1.1 Translocations
 + Level 0.0 Air Magic
 + Level 0.0 Alchemy
 - Level 1.0 Evocations


You had 8 spell levels left.
You knew the following spells:

 Your Spells              Type           Power      Damage    Failure   Level
a - Magic Dart            Conj           72%        1d6       2%          1
b - Mephitic Cloud        Conj/Alch/Air  10%        N/A       19%         3
c - Call Imp              Summ           22%        N/A       9%          2
d - Blink                 Tloc           22%        N/A       9%          2

Your spell library contained the following spells:

 Spells                   Type           Power      Damage    Failure   Level
 Searing Ray              Conj           36%        2d5       4%          2
 Slow                     Hex            24%        N/A       10%         1
 Cigotuvi's Dreadful Rot  Necr/Alch/Air  12%        N/A       14%         2
 Sublimation of Blood     Necr           6%         N/A       14%         2
 Fulminant Prism          Conj/Alch      6%         3d7       45%         4
 Summon Hydra             Summ           5%         N/A       100%        7


Dungeon Overview and Level Annotations

Branches:
Dungeon (3/15)

Altars:
Wu Jian

Shops:
D:2 (

Annotations:
D:3 2 transporters, Gadrel's ghost, amateur MDFi


Message History

The stinking cloud engulfs the black bear.
The black bear is severely wounded.
You are engulfed in noxious fumes.
You choke on the stench!
You are confused.
The black bear is engulfed in noxious fumes.
Unknown command.
You're too confused to move!
You are engulfed in noxious fumes.
You choke on the stench!
You are more confused.
Unknown command.
You are engulfed in noxious fumes.
You choke on the stench!
You are more confused.
The orc is engulfed in noxious fumes.
The orc appears confused.
The black bear bites the orc.
The black bear claws the orc. x2
The black bear completely misses itself.
The black bear claws itself. x2
You feel less confused.
You hit the orc.
You kill the orc!
The black bear is engulfed in noxious fumes.
The black bear appears confused.
Unknown command.
You hit the black bear but do no damage.
The black bear is almost dead.
The black bear is engulfed in noxious fumes.
The black bear appears confused.
The black bear bites you!
* * * LOW HITPOINT WARNING * * *
The black bear claws you but does no damage.
The black bear barely misses you.
The black bear bites itself!
The black bear is killed!
Your Stealth skill increases to level 3!
Your Evocations skill increases to level 1!
You have reached level 5!
Unknown command.
Unknown command.
Casting: Mephitic Cloud (quite dangerous; 19% risk of failure)
Confirm with . or Enter, or press ? or * to list all spells.
A tiny devil pulls itself out of the air.
Something hits you.
You die...

. ##..#.#.# #.#.#.##. #####...#.#
#.#.#.... #...#.###.# #.#..####
##........# #.#...... ###..##..#
#.#..#### . ##.##..# #.#..# # ##.
###..##..# #..# # #..#
##...5##..# #..# # .....##
#..(#@##..# #.#..# # ##.....##
#####{##..# #.#..# # .#...#..###
##).##... #.#..# #
.#........####...##..# #.#..# #
.......#.........# #.#..####
.......#..)......# #.#..#...
.....###.........# #.#..#.##
..)..............########.#......
......####'##....#...........#...


You could see a friendly cerulean imp (summoned).

Vanquished Creatures
  A black bear (D:3)
  An orc wizard (D:3)
  An adder (D:3)
  A dart slug (D:2)
  2 ribbon worms (D:2)
  3 orcs (D:3)
  5 ball pythons (D:1)
  7 bats
  5 endoplasms
  2 giant cockroaches
  4 goblins
  4 hobgoblins
  5 kobolds
  3 quokkas
  5 frilled lizards
  8 rats
57 creatures vanquished.

Vanquished Creatures (collateral kills)
  An orc priest (D:3)
  2 orcs (D:3)
3 creatures vanquished.

Grand Total: 60 creatures vanquished

Notes
Turn   | Place    | Note
-------+----------+-------------------------------------------
     0 | D:1      | pokeman the Deep Elf Hedge Wizard began the quest for the
                  | Orb.
     0 | D:1      | Reached XP level 1. HP: 10/10 MP: 7/7
   265 | D:1      | Reached XP level 2. HP: 16/16 MP: 4/9
   707 | D:1      | Reached skill level 5 in Spellcasting
  1164 | D:1      | Reached XP level 3. HP: 20/20 MP: 8/11
  1168 | D:1      | Learned a level 3 spell: Mephitic Cloud
  1171 | D:1      | Learned a level 2 spell: Call Imp
  1174 | D:1      | Learned a level 2 spell: Blink
  1365 | D:2      | Found an ornate altar of the Wu Jian Council.
  1796 | D:2      | Reached skill level 1 in Fighting
  2018 | D:2      | Found Cesaf's Weapon Boutique.
  2282 | D:2      | Identified the +5 chain mail "Yganor" {+Blink Dex+2 Stlth+}
  2454 | D:3      | Identified the +10 halberd of the Throat {chaos, Str+6}
  2459 | D:3      | Found a transporter.
  2472 | D:3      | Found a transporter.
  2472 | D:3      | Noticed Gadrel's ghost (amateur MDFi)
  2665 | D:3      | Reached skill level 1 in Armour
  2665 | D:3      | Reached XP level 4. HP: 25/25 MP: 7/13
  2925 | D:3      | Noticed a black bear
  2994 | D:3      | Reached skill level 6 in Spellcasting
  3116 | D:3      | HP: 1/25 [black bear (7)]
  3116 | D:3      | Killed a black bear
  3117 | D:3      | Reached skill level 1 in Evocations
  3117 | D:3      | Reached XP level 5. HP: 1/29 MP: 8/15
  3119 | D:3      | Slain by an orc wizard

Illustrated notes

Levels and vault maps discovered:
D:1:      erik_arrival_orb_chamber, layout_basic, chequers_avenue
D:2:      layout_loops_ring, serial_shops, shop, basic_altar
D:3:      layout_basic, gammafunk_temple_overflow_claw,
          gammafunk_ghost_gnarly_gnolls

Skill      XL: |  1  2  3  4 |
---------------+-------------+-----
Spellcasting   | 5 6 |  6.4
Fighting       | 1 |  1.0
Conjurations   | 2 |  2.8
Armour         | 1 |  1.0
Dodging        | 3 |  3.0
Stealth        | 3 |  3.3
Evocations     | 1 |  1.0
Summonings     | |  1.1
Translocations | |  1.1

Action                     |  1- 3 |  4- 6 || total
---------------------------+-------+-------++-------
  Melee: Dagger            |    18 |    23 ||    41
   Cast: Magic Dart        |   120 |     8 ||   128
         Mephitic Cloud    |     2 |     5 ||     7
         Call Imp          |       |     3 ||     3
         Blink             |       |     1 ||     1
   Stab: Confused          |     2 |     4 ||     6
 Armour: Robe              |    19 |    28 ||    47
  Dodge: Dodged            |    16 |    21 ||    37

Table legend: (Time is in decaauts)
 A = Elapsed time spent in this place.
 B = Non-inter-level travel time spent in this place.
 C = Inter-level travel time spent in this place.
 D = Time resting spent in this place.
 E = Time spent auto-exploring this place.
 F = Levels seen in this place.
 G = Mean time per level.
                   A        B        C        D        E       F      G
               +--------+--------+--------+--------+--------+-----+--------+
         Total |   3118 |   3054 |     64 |      5 |   2601 |   3 | 1039.3 |
       Dungeon |   3118 |   3054 |     64 |      5 |   2601 |   3 | 1039.3 |
               +--------+--------+--------+--------+--------+-----+--------+

Top non-repeatable levels by time:
     D:1: 1365 daAuts
     D:2: 1033 daAuts
     D:3: 719 daAuts
